 Dungeon Crawl Stone Soup version 0.22-a0-75-g1fede22 (webtiles) character file.

161 KristoblXynda the Ducker (level 5, 0/38 HPs)
             Began as a Vampire Gladiator on Jan 12, 2018.
             Was an Initiate of Okawaru.
             Slain by an orc
             ... wielding a +0 trident
              (1 damage)
             ... on level 4 of the Dungeon.
             The game lasted 00:05:09 (2815 turns).

KristoblXynda the Ducker (Vampire Gladiator)        Turns: 2815, Time: 00:05:10

Health: 0/38       AC:  4    Str: 17 (19) XL:     5   Next: 18%
Magic:  5/5        EV: 14    Int: 14 (16) God:    Okawaru [......]
Gold:   139        SH:  4    Dex: 14 (15) Spells: 4/4 levels left

rFire    . . .     SeeInvis +   a - +0 long sword
rCold    . . .     Gourm    .   (no shield)
rNeg     + . .     Faith    .   b - +0 leather armour
rPois    .         Spirit   .   c - +0 helmet
rElec    .         Reflect  +   (no cloak)
rCorr    .         Harm     .   (no gloves)
MR       +....                  (no boots)
Stlth    +.........             f - +4 amulet of reflection
HPRegen  0.12/turn              o - ring of protection from magic
MPRegen  0.09/turn              (no ring)

@: mighty, brilliant, lethally poisoned (0 -> -15), hasted, very quick
A: fangs 3, see invisible, unbreathing
a: Bat Form, Renounce Religion


You were on level 4 of the Dungeon.
You worshipped Okawaru.
Okawaru was noncommittal.
You were not thirsty.

You visited 1 branch of the dungeon, and saw 4 of its levels.

You collected 139 gold pieces.

Inventory:

Hand Weapons
 a - a +0 long sword (weapon)
Missiles
 d - 3 throwing nets (quivered)
Armour
 b - a +0 leather armour (worn)
 c - a +0 helmet (worn)
Jewellery
 f - a +4 amulet of reflection (around neck)
 o - a ring of protection from magic (left hand)
Scrolls
 g - 2 scrolls of random uselessness {unknown}
 i - a scroll of immolation {unknown}
 j - a scroll of teleportation {unknown}
 k - 2 scrolls of remove curse
 l - 2 scrolls of amnesia
 n - a scroll of magic mapping {unknown}
 q - a scroll of enchant weapon {unknown}
 r - a scroll of fear {unknown}
Potions
 e - 17 potions of blood


   Skills:
 - Level 1.7 Fighting
 + Level 4.1 Long Blades
 - Level 2.0 Throwing
 + Level 1.8 Armour
 + Level 4.6 Dodging


You had 4 spell levels left.
You didn't know any spells.

Dungeon Overview and Level Annotations

Branches:
Dungeon (4/15)
 Temple: D:4-7

Altars:
Cheibriados
Okawaru

Annotations:
D:4 Edmund


Innate Abilities, Weirdness & Mutations

You have razor-sharp teeth.
You have supernaturally acute eyesight. (SInv)
You can survive without breathing.


Message History

* * * LOW HITPOINT WARNING * * *
You are lethally poisoned!
You slash Edmund!
Edmund is heavily wounded.
* * * LOW HITPOINT WARNING * * *
You feel sick. The orc closely misses you. Edmund misses you.
It was a potion of brilliance.
You feel clever all of a sudden.
* * * LOW HITPOINT WARNING * * *
You feel sick.
Unknown command.
* * * LOW HITPOINT WARNING * * *
You feel sick.
* * * LOW HITPOINT WARNING * * *
You feel sick.
* * * LOW HITPOINT WARNING * * *
You feel sick.
* * * LOW HITPOINT WARNING * * *
You feel sick. The orc hits you with a trident.
You die...

#### ..(.. ....
#..# ######
##..###..#..#
#...........#
#....<......#
#.).o@......#
#########)##..#####
........#!##..##..#
........+..@......+
≈≈................#
≈≈≈≈..............#
≈≈≈≈≈≈..###########
.≈≈≈≈≈≈........
.≈≈≈≈≈≈........


You could see an orc.

Vanquished Creatures
  A hound (D:2)
  An orc wizard (D:3)
  An adder (D:3)
  A worm (D:2)
  2 dart slugs (D:1)
  3 leopard geckos
  6 orcs
  2 ball pythons
  9 bats
  9 giant cockroaches
  10 goblins
  6 hobgoblins
  4 jackals (D:3)
  A quokka (D:3)
  A frilled lizard (D:2)
  11 kobolds
  5 rats
73 creatures vanquished.

Notes
Turn   | Place    | Note
-------+----------+-------------------------------------------
     0 | D:1      | KristoblXynda the Vampire Gladiator began the quest for the Orb.
     0 | D:1      | Reached XP level 1. HP: 16/16 MP: 1/1
    96 | D:1      | Reached XP level 2. HP: 22/22 MP: 2/2
   437 | D:1      | Reached XP level 3. HP: 27/27 MP: 3/3
   881 | D:2      | Reached skill level 1 in Armour
   881 | D:2      | Reached XP level 4. HP: 16/33 MP: 4/4
  1320 | D:2      | Found an iron altar of Okawaru.
  1331 | D:2      | Became a worshipper of Warmaster Okawaru
  2162 | D:3      | Reached XP level 5. HP: 18/38 MP: 5/5
  2419 | D:3      | Found a snail-covered altar of Cheibriados.
  2791 | D:4      | Noticed Edmund
  2815 | D:4      | HP: 1/38 [poisoned by Edmund]
  2815 | D:4      | Slain by an orc

Vault maps used:
D:1:      sevenhm_arrival_forest_fort_small_6
D:2:      lemuel_round_altar, serial_forest, infiniplex_forest_end_2,
          infiniplex_forest_lined_room_, infiniplex_forest_straight_3,
          infiniplex_forest_lined_4_way, infiniplex_forest_corner_1,
          serial_bayou_pond_e, st_stairs_9, columned_hall_lemuel, dk_vineyard_1
D:3:      nicolae_overflow_crystal_walls, serial_forest,
          infiniplex_forest_zigzag_2, infiniplex_forest_clump_tiny,
          infiniplex_forest_clump_diagonal, infiniplex_forest_straight_4,
          infiniplex_forest_clump_tiny, infiniplex_forest_clump_medium,
          infiniplex_forest_clump_tiny, infiniplex_forest_clump_tiny,
          infiniplex_forest_clump_medium
D:4:      gammafunk_temple_overflow_elements, temple_pool_b, first_ration,
          uniq_crazy_yiuf_cottage, uniq_edmund, uniq_menkaure

Skill      XL: |  1  2  3  4 |
---------------+-------------+-----
Throwing       | 2 |  2.0
Armour         | 1 |  1.8
Dodging        | 4 |  4.6
Long Blades    | 4 |  4.1
Fighting       | |  1.7

Action                   |  1- 3 |  4- 6 || total
-------------------------+-------+-------++-------
Melee: Long sword        |    69 |    90 ||   159
       Bite              |     6 |     4 ||    10
  Use: Potion            |       |    12 ||    12
       Scroll            |       |     5 ||     5
 Stab: Sleeping          |     3 |     1 ||     4
Armor: Leather armour    |    32 |    28 ||    60
Dodge: Dodged            |    63 |    92 ||   155
Block: Other             |       |     9 ||     9
       Rpst.: Long sword |    20 |    27 ||    47

Table legend:
 A = Spawn XP
 B = Non-spawn XP
 C = Spawn XP percentage of total XP
 D = Spawn monster count
 E = Non-spawn monster count
 F = Spawn count percentage of total count
 G = Total turns spent on level
                    A         B        C        D         E        F      G
               +---------+---------+-------+---------+---------+-------+---------
         Total |       0 |     230 |   0.0 |       0 |      73 |   0.0 |  2815
               +---------+---------+-------+---------+---------+-------+---------
           D:1 |       0 |      55 |   0.0 |       0 |      27 |   0.0 |   810
           D:2 |       0 |      74 |   0.0 |       0 |      19 |   0.0 |   881
           D:3 |       0 |      92 |   0.0 |       0 |      24 |   0.0 |  1045
           D:4 |       0 |       9 |   0.0 |       0 |       3 |   0.0 |    79
               +---------+---------+-------+---------+---------+-------+---------
